 Dungeon Crawl Stone Soup version 0.19.0-2-gae57169 (webtiles) character file.

265 lorenzova the Sneak (level 5, -4/24 HPs)
             Began as a Spriggan Enchanter on Nov 4, 2016.
             Slain by a gnoll
             ... wielding a +0 whip
              (7 damage)
             ... on level 3 of the Dungeon.
             The game lasted 00:04:51 (3288 turns).

lorenzova the Sneak (Spriggan Enchanter)            Turns: 3288, Time: 00:04:52

Health: -4/24      AC:  3    Str:  5    XL:     5   Next: 99%
Magic:  0/22       EV: 18    Int: 17    God:
Gold:   84         SH:  0    Dex: 16    Spells: 3 memorised, 8 levels left

rFire  . . .     SeeInvis +     a - +1 dagger
rCold  . . .     Gourm    .     b - +1 robe
rNeg   . . .     Faith    .     (shield restricted)
rPois  .         Spirit   +     (helmet restricted)
rElec  .         Reflect  .     (no cloak)
rCorr  .         Harm     .     (gloves unavailable)
MR     .....                    (boots unavailable)
Stlth  +++.......               k - amulet of guardian spirit
                                (no ring)
                                o - ring of magical power

@: very slightly contaminated, very quick
A: unfitting armour, see invisible, herbivore 3, speed 3, slow metabolism 2
a: no special abilities


You were on level 3 of the Dungeon.
You were near starving.

You visited 1 branch of the dungeon, and saw 3 of its levels.

You collected 84 gold pieces.

Inventory:

Hand Weapons
 a - a +1 dagger (weapon)
Armour
 b - a +1 robe (worn)
Jewellery
 k - an amulet of guardian spirit (around neck)
 o - a ring of magical power (left hand)
Scrolls
 e - a scroll of fear {unknown}
 l - 2 scrolls of teleportation {unknown}
 m - 5 scrolls of identify {unknown}
 n - a scroll of fog {unknown}
 p - 2 scrolls of magic mapping {unknown}
 r - a scroll of enchant armour {unknown}
 s - 2 scrolls of amnesia {unknown}
 t - a scroll of random uselessness {unknown}
Potions
 f - a potion of degeneration {unknown}
 h - a potion of ambrosia {unknown}
 i - 2 potions of lignification {unknown}
 j - a potion of curing {unknown}
 q - a potion of berserk rage {unknown}
 u - a potion of haste
 v - a potion of heal wounds {unknown}
Books
 c - a book of Maledictions

   Spells                             Type                      Level
   a - Corona                         Hexes                        1
   b - Ensorcelled Hibernation        Hexes/Ice                    2
   c - Confuse                        Hexes                        3
   d - Tukima's Dance                 Hexes                        3
   e - Dazzling Spray                 Conjuration/Hexes            3
Comestibles
 d - 3 bread rations
 g - 3 fruits


   Skills:
 - Level 1.1 Short Blades
 - Level 3.0 Dodging
 + Level 6.0 Stealth
 * Level 5.2 Spellcasting
 * Level 5.9 Hexes


You had 8 spell levels left.
You knew the following spells:

 Your Spells              Type           Power        Failure   Level  Hunger
a - Corona                Hex            ###....      1%          1    None
b - Ensorcelled Hibernat  Hex/Ice        ##....       10%         2    #......
c - Confuse               Hex            ###.....     4%          3    ###....


Dungeon Overview and Level Annotations

Branches:
Dungeon (3/15)

Altars:


Innate Abilities, Weirdness & Mutations

You are very small and have problems with some larger weapons.
You are too small for most types of armour.
You have supernaturally acute eyesight. (SInv)
You are a herbivore.
You cover ground extremely quickly.
You need consume almost no food.


Message History

Press: ? - help, Shift-Dir - straight line, f/p - gnoll
Aim: a gnoll, wielding a whip (moderately wounded, chance to defeat MR: 53%)
The gnoll resists with significant effort.
The gnoll barely misses you.
You hit the gnoll but do no damage.
The gnoll is moderately wounded.
You hit the gnoll but do no damage.
The gnoll is moderately wounded.
The gnoll barely misses you.
You closely miss the gnoll.
The gnoll is moderately wounded.
The gnoll hits you with a whip!
You hit the gnoll.
The gnoll is heavily wounded.
The gnoll hits you with a whip!
* * * LOW HITPOINT WARNING * * *
You hit the gnoll.
The gnoll is severely wounded.
The gnoll hits you with a whip!
You die...

g######## #.######....#
og......# #.##.#
..g.....# #.##.#
.s......# #.##.#
...g....# #.##.#
.....$..# #.##.#
....)...# ..##.#
........###############.#
.K............gg@.......#
........#################
.####+###


You could see 2 gnolls.

Vanquished Creatures
  Sigmund (D:2)
  2 gnolls
  2 adders (D:2)
  An ooze (D:1)
  2 worms
  A leopard gecko (D:2)
  4 orcs
  A ball python (D:2)
  3 bats
  5 giant cockroaches
  8 goblins
  14 hobgoblins
  A jackal (D:1)
  A quokka (D:2)
  2 frilled lizards (D:1)
  5 kobolds
  8 rats
61 creatures vanquished.

Notes
Turn   | Place    | Note
-------+----------+-------------------------------------------
     0 | D:1      | lorenzova the Spriggan Enchanter began the quest for the Orb.
     0 | D:1      | Reached XP level 1. HP: 9/9 MP: 5/5
   602 | D:1      | Reached XP level 2. HP: 13/13 MP: 7/7
   740 | D:1      | Learned a level 2 spell: Ensorcelled Hibernation
  1052 | D:1      | Reached skill level 5 in Stealth
  1241 | D:1      | Reached XP level 3. HP: 11/16 MP: 5/8
  2161 | D:2      | Reached XP level 4. HP: 11/21 MP: 1/10
  2427 | D:2      | Noticed Sigmund
  2458 | D:2      | Learned a level 3 spell: Confuse
  2539 | D:2      | Killed Sigmund
  2539 | D:2      | Reached skill level 6 in Stealth
  2539 | D:2      | Reached skill level 5 in Spellcasting
  2539 | D:2      | Reached skill level 5 in Hexes
  2539 | D:2      | Reached XP level 5. HP: 24/24 MP: 13/13
  2640 | D:2      | Found a faded altar of an unknown god.
  3288 | D:3      | Slain by a gnoll

Skill      XL: |  1  2  3  4 |
---------------+-------------+-----
Spellcasting   | 3 5 |  5.2
Hexes          | 4 5 |  5.9
Stealth        | 5 6 |  6.0
Short Blades   | |  1.1
Dodging        | |  3.0

Action                   |  1- 3 |  4- 6 || total
-------------------------+-------+-------++-------
Melee: Dagger            |   164 |    85 ||   249
 Cast: Ensorcelled Hiber |    19 |    20 ||    39
       Confuse           |       |     2 ||     2
 Stab: Sleeping          |    17 |    11 ||    28
       Confused          |       |     2 ||     2
Armor: Robe              |    18 |     7 ||    25
Dodge: Dodged            |   114 |    67 ||   181
